 Dungeon Crawl Stone Soup version 0.28.0-45-g0d030f2227 (webtiles) character file.

Game seed: 11476848874682061275

1479 Icepheonix32 the Ducker (level 8, 0/91 HPs)
             Began as a Demonspawn Gladiator on Apr 16, 2022.
             Was a Believer of Uskayaw.
             Slain by a death yak (9 damage)
             ... on level 9 of the Dungeon.
             The game lasted 00:07:08 (6312 turns).

Icepheonix32 the Ducker (Demonspawn Gladiator)      Turns: 6312, Time: 00:07:08

Health: 0/91       AC: 24    Str: 17    XL:     8   Next: 50%
Magic:  8/8        EV:  2    Int: 15    God:    Uskayaw [**....]
Gold:   217        SH:  0    Dex: 15    Spells: 7/7 levels left

rFire   . . .      SeeInvis .   y - +5 rapier (speed)
rCold   . . .      Faith    .   (no shield)
rNeg    . . .      Spirit   .   (armour currently unavailable)
rPois   +          Reflect  .   (helmet currently unavailable)
rElec   .          Harm     .   (cloak currently unavailable)
rCorr   .          Rampage  .   (gloves currently unavailable)
Will    .....      NoTele   +   (boots currently unavailable)
Stlth   ++........              (no amulet)
HPRegen 0.25/turn               j - +6 ring of intelligence
MPRegen 0.11/turn               (no ring)

@: tree-form
A: stationary, stasis, torment immunity, boosted hp, (claws 2), (molten scales
2), demonic guardian 2
a: Renounce Religion, Stomp, Line Pass


You were on level 9 of the Dungeon.
You worshipped Uskayaw.
Uskayaw was noncommittal.
You were a tree.
You visited 2 branches of the dungeon, and saw 8 of its levels.

You collected 217 gold pieces.

Inventory:

Hand Weapons
 a - a +0 war axe
 y - a +5 rapier of speed (weapon)
 C - a +2 scimitar of freezing
 D - the +8 hunting sling "Nujolu" {vorpal, Str+4}
   (You found it on level 9 of the Dungeon)

   Any ammunition fired from it inflicts extra damage upon your enemies.
   Str:       It affects your strength (+4).
 E - a +3 trident
Missiles
 d - 3 throwing nets
 v - 6 boomerangs (quivered)
 B - 4 datura-tipped darts
Armour
 b - a +0 leather armour (melded)
 c - a +0 helmet (melded)
 f - a +0 ring mail
 h - a +2 pair of gloves of infusion (melded)
 l - a +2 pair of boots (melded)
Jewellery
 j - a +6 ring of intelligence (left branch)
 r - an amulet of magic regeneration
 t - a ring of protection from fire
Wands
 A - a wand of paralysis (14)
Scrolls
 e - 3 scrolls of holy word {unknown}
 i - a scroll of fear {unknown}
 k - a scroll of blinking {unknown}
 m - 3 scrolls of teleportation {unknown}
 n - a scroll of torment {unknown}
 q - a scroll of identify {unknown}
 s - 3 scrolls of summoning {unknown}
 x - a scroll of magic mapping {unknown}
Potions
 g - a potion of curing
 p - 3 potions of flight {unknown}
 u - a potion of ambrosia {unknown}
 w - 2 potions of heal wounds {unknown}
 z - 2 potions of cancellation {unknown}


   Skills:
 + Level 4.8 Fighting
 + Level 3.0 Short Blades
 - Level 4.0 Axes
 + Level 3.3 Throwing
 + Level 3.3 Armour
 + Level 5.4 Dodging
 + Level 3.7 Stealth


You had 7 spell levels left.
You didn't know any spells.
Your spell library contained the following spells:

 Spells                   Type           Power      Damage    Failure   Level
 Pain                     Necr           0%         1d4       26%         1
 Summon Small Mammal      Summ           0%         N/A       26%         1
 Corpse Rot               Necr/Air       0%         N/A       38%         2
 Call Canine Familiar     Summ           0%         N/A       63%         3
 Inner Flame              Hex/Fire       0%         N/A       63%         3
 Summon Guardian Golem    Hex/Summ       0%         N/A       63%         3
 Cause Fear               Hex            0%         N/A       95%         4
 Dispel Undead            Necr           0%         3d6       95%         4
 Agony                    Necr           0%         N/A       100%        5
 Excruciating Wounds      Necr           0%         N/A       100%        5
 Death Channel            Necr           0%         N/A       100%        6
 Discord                  Hex            0%         N/A       100%        8


Dungeon Overview and Level Annotations

Branches:
Dungeon (6/15)             Temple (1/1) D:5

Altars:
Ashenzari
Cheibriados
Dithmenos
Elyvilon
Fedhas
Gozag
Hepliaklqana
Kikubaaqudgha
Nemelex Xobeh
Okawaru
Qazlal
Ru
Sif Muna
Uskayaw
Vehumet
Wu Jian
Xom
Yredelemnul
Zin
The Shining One


Innate Abilities, Weirdness & Mutations

You are a tree.
Your roots penetrate the ground, keeping you stationary.
You cannot be teleported.
You are immune to unholy pain and torment.
Your maximum health is greatly increased.
Your equipment is partially melded.
((You have very sharp fingernails.))
((You are mostly covered in molten scales. (AC +3)))
A demonic guardian rushes to your aid.


Message History

You hit the death yak but do no damage.
The death yak is lightly wounded.
You completely miss the death yak.
The death yak is lightly wounded.
The death yak gores you!
A demonic guardian appears!
You hit the death yak.
The death yak is lightly wounded.
The death yak gores you but does no damage.
You hit the death yak but do no damage.
The death yak is lightly wounded.
You hit the death yak.
The death yak is lightly wounded.
The death yak completely misses you.
You hit the death yak but do no damage.
The death yak is lightly wounded.
The death yak gores you but does no damage.
You puncture the death yak!
The death yak is moderately wounded.
The death yak gores you but does no damage.
You can now pass through a line of other dancers.
You hit the death yak.
The death yak is moderately wounded.
You hit the death yak.
The death yak is moderately wounded.
The death yak gores you!
You hit the death yak.
The death yak is moderately wounded.
The death yak gores you!
You hit the death yak but do no damage.
The death yak is moderately wounded.
The death yak gores you!!
* * * LOW HITPOINT WARNING * * *
You hit the death yak but do no damage.
The death yak is moderately wounded.
You puncture the death yak!
The death yak is heavily wounded.
The death yak gores you!!
* * * LOW HITPOINT WARNING * * *
You feel better. The death yak gores you!
You die...

#.## ##.....## #.##
#.# ##...## #.# #.#
##+## #.# #.#
########.## #.#
#.###.[.......# #.#
#.#.##[).......####
#.###)#.#####.......
#.# ##..####.....#
#.# ##.4♣YZ#...####
## #..###.........
#.#.# ####......
#.##.. ...#. #.# ###
Z... ## .#. #


You could see a death yak (ally target), a howler monkey simulacrum and a
friendly hellwing (summoned).

Vanquished Creatures
  Eustachio (D:4)
  Menkaure (D:4)
  An orc warrior (D:9)
  An ogre (D:5)
  A phantom (D:4)
  4 wights (D:9)
  A centaur zombie (D:5)
  6 hounds
  2 orc priests
  Natasha (D:3)
  2 orc wizards (D:9)
  A killer bee zombie (D:5)
  A hound skeleton (D:5)
  A hound zombie (D:5)
  Robin (D:3)
  7 adders
  4 gnolls
  A worm (D:3)
  10 orcs
  4 ball pythons
  11 endoplasms
  2 giant cockroaches
  12 goblins
  7 hobgoblins
  8 jackals
  A quokka (D:4)
  5 bats
  9 frilled lizards
  5 kobolds
  5 rats (D:2)
116 creatures vanquished.

Vanquished Creatures (collateral kills)
  Edmund (D:4)
  A necrophage (D:4)
  An adder (D:5)
  4 goblins (D:3)
7 creatures vanquished.

Vanquished Creatures (others)
  10 plants (D:5)
10 creatures vanquished.

Grand Total: 133 creatures vanquished

Notes
Turn   | Place    | Note
-------+----------+-------------------------------------------
     0 | D:1      | Icepheonix32 the Demonspawn Gladiator began the quest for
                  | the Orb.
     0 | D:1      | Reached XP level 1. HP: 16/16 MP: 1/1
    39 | D:1      | Gained mutation: You are partially covered in molten
                  | scales. (AC +2) [demonic ancestry]
    39 | D:1      | Reached XP level 2. HP: 11/22 MP: 2/2
  1103 | D:2      | Gained mutation: A weak demonic guardian rushes to your
                  | aid. [demonic ancestry]
  1103 | D:2      | Reached XP level 3. HP: 27/27 MP: 3/3
  1413 | D:2      | Found a faded altar of an unknown god.
  1722 | D:2      | Reached skill level 3 in Dodging
  1722 | D:2      | Reached skill level 1 in Stealth
  1722 | D:2      | Gained mutation: A demonic guardian rushes to your aid.
                  | [demonic ancestry]
  1722 | D:2      | Reached XP level 4. HP: 27/33 MP: 4/4
  2076 | D:3      | Noticed Robin
  2104 | D:3      | Killed Robin
  2498 | D:3      | Reached skill level 1 in Armour
  2582 | D:3      | Gained mutation: You are mostly covered in molten scales.
                  | (AC +3) [demonic ancestry]
  2582 | D:3      | Reached XP level 5. HP: 35/39 MP: 5/5
  2734 | D:3      | Noticed Natasha
  2740 | D:3      | Killed Natasha
  2995 | D:4      | Noticed Menkaure
  3008 | D:4      | Killed Menkaure
  3009 | D:4      | Gained mutation: You have sharp fingernails. [demonic
                  | ancestry]
  3009 | D:4      | Reached XP level 6. HP: 27/47 MP: 6/6
  3196 | D:4      | Reached skill level 4 in Dodging
  3514 | D:4      | Reached XP level 7. HP: 50/53 MP: 7/7
  3655 | D:4      | Noticed Eustachio
  3663 | D:4      | Killed Eustachio
  4220 | D:4      | Noticed Edmund
  4236 | D:4      | Killed Edmund
  4571 | D:4      | Identified a scroll of acquirement
  4571 | D:4      | Acquired a +2 pair of gloves of infusion
  4586 | D:5      | Entered Level 5 of the Dungeon
  4650 | D:5      | Reached skill level 5 in Dodging
  4832 | D:5      | Found a staircase to the Ecumenical Temple.
  4843 | D:5      | Reached skill level 1 in Short Blades
  4854 | Temple   | Entered the Ecumenical Temple
  5290 | Temple   | Became a worshipper of Uskayaw the Reveller
  5338 | D:5      | Reached * piety under Uskayaw
  5341 | D:5      | Reached ** piety under Uskayaw
  5343 | D:5      | Reached *** piety under Uskayaw
  5345 | D:5      | Gained mutation: You have very sharp fingernails. [demonic
                  | ancestry]
  5345 | D:5      | Reached XP level 8. HP: 46/61 MP: 0/8
  5350 | D:5      | Reached **** piety under Uskayaw
  5835 | D:6      | You fall into a shaft and drop 3 floors!
  6130 | D:9      | Identified the +8 hunting sling "Nujolu" {vorpal, Str+4}
  6288 | D:9      | Noticed a death yak
  6311 | D:9      | HP: 2/91 [death yak (19)]
  6312 | D:9      | Slain by a death yak

Illustrated notes

Levels and vault maps discovered:
D:1:      lemuel_arrival_tunnels, layout_basic, minmay_lizard_pond
D:2:      layout_basic, ebering_ecumenical_altar_box, minmay_increasing_density
D:3:      layout_loops_ring, minivault_25, uniq_robin, uniq_natasha
D:4:      layout_loops_corners, uniq_eustachio, uniq_edmund, uniq_menkaure
D:5:      layout_cave_pools, minmay_temple_entry_statues_fountains,
          serial_bayou_pond_c
D:6:      layout_gridville, nrook_pool_corridor
D:9:      minmay_sliced_demisemicircle, layout_loops_corners, serial_ice,
          serial_ice_n, serial_ice_b, serial_ice_m, serial_ice_h
Temple:   mainiacjoe_temple_cubbyholes

Skill      XL: |  1  2  3  4  5  6  7  8 |
---------------+-------------------------+-----
Axes           | 3 4 |  4.0
Dodging        | 3 4 5 |  5.4
Stealth        | 1 3 |  3.7
Armour         | 1 2 3 |  3.3
Throwing       | 2 3 |  3.3
Fighting       | 3 4 |  4.8
Short Blades   | 1 3 |  3.0

Action                   |  1- 3 |  4- 6 |  7- 9 || total
-------------------------+-------+-------+-------++-------
Melee: War axe           |    81 |   138 |    20 ||   239
       Punch             |     1 |     1 |     3 ||     5
       Rapier            |       |       |   126 ||   126
Throw: Boomerang         |       |    20 |     3 ||    23
  Use: Scroll            |       |       |     3 ||     3
       Potion            |       |       |     2 ||     2
 Stab: Sleeping          |     3 |       |     5 ||     8
       Distracted        |       |     1 |     1 ||     2
       Paralysed         |       |       |     5 ||     5
Armor: Leather armour    |    48 |    78 |    44 ||   170
       Skin              |       |       |     3 ||     3
Dodge: Dodged            |    81 |    85 |    71 ||   237
